 Dungeon Crawl Stone Soup version 0.20.1-1-g8b1a95d (webtiles) character file.

246 iopi the Chopper (level 5, 0/47 HPs)
             Began as a Draconian Berserker on Oct 19, 2017.
             Was a Believer of Trog.
             Killed from afar by Natasha (9 damage)
             ... with a magic dart
             ... on level 4 of the Dungeon.
             The game lasted 00:22:39 (4358 turns).

iopi the Chopper (Draconian Berserker)              Turns: 4358, Time: 00:22:40

Health: 0/47       AC:  5    Str: 20    XL:     5   Next: 84%
Magic:  5/5        EV: 13    Int:  8    God:    Trog [**....]
Gold:   112        SH:  0    Dex: 10    Spells: 4/4 levels left

rFire    . . .     SeeInvis .   a - +1 hand axe
rCold    . . .     Gourm    .   (no shield)
rNeg     . . .     Faith    .   (armour unavailable)
rPois    .         Spirit   .   (helmet restricted)
rElec    .         Reflect  .   (no cloak)
rCorr    .         Harm     +   (no gloves)
MR       .....                  (no boots)
Stlth    +.........             o - amulet of harm
Regen    0.2/turn               (no ring)
MPRegen  0.1/turn               (no ring)

@: no status effects
A: unfitting armour, cold-blooded, AC +5
a: Berserk, Trog's Hand, Burn Spellbooks, Renounce Religion


You were on level 4 of the Dungeon.
You worshipped Trog.
Trog was pleased with you.
You were not hungry.

You visited 1 branch of the dungeon, and saw 4 of its levels.

You collected 112 gold pieces.

Inventory:

Hand Weapons
 a - a +1 hand axe (weapon)
Magical Staves
 m - an uncursed staff of summoning {unknown}
Jewellery
 o - an amulet of harm (around neck)
Scrolls
 c - a scroll of teleportation
 h - 2 scrolls of blinking
Potions
 d - 2 potions of invisibility
 e - a potion of curing
 f - a potion of heal wounds {unknown}
 g - a potion of agility {unknown}
 i - a potion of resistance {unknown}
 k - 3 potions of ambrosia {unknown}
Comestibles
 b - a royal jelly
 j - 8 fruits
 l - a bread ration


   Skills:
 + Level 4.4 Fighting
 + Level 5.1 Axes
 + Level 3.6 Dodging
 + Level 1.2 Stealth


You had 4 spell levels left.
You didn't know any spells.

Dungeon Overview and Level Annotations

Branches:
Dungeon (4/15)
 Temple: D:4-7

Altars:
Vehumet
The Shining One

Annotations:
D:4 Natasha


Innate Abilities, Weirdness & Mutations

Your plain brown scales are hard. (AC +5)
You cannot fit into any form of body armour.
You are cold-blooded and may be slowed by cold attacks.


Message History

The crimson imp blinks!
Natasha mumbles some strange words.
The white imp gestures at you. The puff of frost hits you!
The crimson imp hits you but does no damage.
Natasha misses you. The white imp misses you.
You feel yourself speed up.
The white imp hits you but does no damage.
The white imp disappears for a moment.
Natasha claws you.
The crimson imp blinks!
The crimson imp disappears in a puff of smoke!
The white imp gestures at you. The puff of frost misses you.
Natasha mumbles some strange words.
Natasha glows brightly for a moment.
The white imp gestures at you. The puff of frost hits you!
* * * LOW HITPOINT WARNING * * *
Natasha stares at you and mumbles some strange words.
The magic dart hits you!
You die...

...##.... .........## #
#....#.>..## .#.##...#
....# ......#†####..###
####
...........##...######....
..#..##.##.............##
.... #......5..........###
.## ##...55h.@...#
.#...###
#.........#.##..##....
############..#>......
##......# ##..##.# ##...#
#.†#.# ####... ##.#


You could see Natasha, 2 white imps and a shadow imp.

Vanquished Creatures
  Natasha (twice) (D:4)
  An iguana (D:3)
  A gnoll (D:1)
  8 adders
  2 oozes
  A worm (D:3)
  4 dart slugs
  2 leopard geckos
  An orc (D:3)
  A ball python (D:1)
  2 giant cockroaches (D:2)
  11 goblins
  8 hobgoblins
  2 quokkas
  8 bats
  4 frilled lizards (D:2)
  6 kobolds
  A leopard gecko skeleton (D:3)
  A quokka skeleton (D:3)
  9 rats
  5 plants (D:2)
80 creatures vanquished.

Notes
Turn   | Place    | Note
-------+----------+-------------------------------------------
     0 | D:1      | iopi the Draconian Berserker began the quest for the Orb.
     0 | D:1      | Reached XP level 1. HP: 19/19 MP: 1/1
   119 | D:1      | Reached XP level 2. HP: 18/26 MP: 2/2
   582 | D:1      | Reached XP level 3. HP: 12/33 MP: 3/3
  1174 | D:2      | Reached ** piety under Trog
  1203 | D:2      | Reached skill level 4 in Axes
  1835 | D:2      | Found a faded altar of an unknown god.
  1992 | D:2      | Reached XP level 4. HP: 40/40 MP: 4/4
  2073 | D:2      | HP: 2/40 [poisoned by an adder]
  2747 | D:2      | Found a radiant altar of Vehumet.
  2799 | D:2      | Reached skill level 1 in Stealth
  3450 | D:3      | Reached XP level 5. HP: 43/46 MP: 5/5
  3554 | D:3      | Found a glowing golden altar of the Shining One.
  4199 | D:4      | Noticed Natasha
  4204 | D:4      | Killed Natasha
  4204 | D:4      | Reached skill level 5 in Axes
  4284 | D:4      | Noticed Natasha
  4286 | D:4      | Killed Natasha
  4335 | D:4      | Noticed Natasha
  4358 | D:4      | Killed from afar by Natasha

Skill      XL: |  1  2  3  4  5 |
---------------+----------------+-----
Dodging        | 3 |  3.6
Axes           | 4 5 |  5.1
Stealth        | 1 |  1.2
Fighting       | 4 |  4.4

Action                   |  1- 3 |  4- 6 || total
-------------------------+-------+-------++-------
Melee: Hand axe          |   273 |   145 ||   418
       Tailslap          |    74 |    10 ||    84
Invok: Trog's Hand       |     1 |     3 ||     4
  Use: Scroll            |       |     7 ||     7
 Stab: Sleeping          |     1 |       ||     1
       Distracted        |       |     1 ||     1
  Eat: Bread ration      |     1 |     2 ||     3
Armor: Skin              |    45 |    37 ||    82
Dodge: Dodged            |    73 |   106 ||   179
